 Dungeon Crawl Stone Soup version 0.30-a0-385-gfebfb9b408 (webtiles) character file.

Game seed: 11414994736233438916

1526 retardedninja the Chopper (level 8, -1/73 HPs)
             Began as a Hill Orc Fighter on Dec 2, 2022.
             Slain by Joseph
             ... wielding a +0 quarterstaff
              (12 damage)
             ... on level 7 of the Dungeon.
             The game lasted 00:09:38 (7639 turns).

retardedninja the Chopper (Hill Orc Fighter)        Turns: 7639, Time: 00:09:39

Health: -1/73      AC: 11    Str: 21    XL:     8   Next: 85%
Magic:  8/8        EV:  9    Int:  8    God:
Gold:   301        SH:  5    Dex: 10    Spells: 7/7 levels left

rFire   + + .      SeeInvis .    a - +0 war axe (chaos)
rCold   x . .      Faith    .    c - +0 buckler
rNeg    . . .      Spirit   .    r - +1 fire dragon scales
rPois   .          Reflect  .    (no helmet)
rElec   .          Harm     .    (no cloak)
rCorr   .          Rampage  .    (no gloves)
Will    .....                    (no boots)
Stlth   ..........               (no amulet)
HPRegen 0.32/turn                (no ring)
MPRegen 0.11/turn                (no ring)

@: mighty
A: no striking features
a: no special abilities


You were on level 7 of the Dungeon.
You visited 2 branches of the dungeon, and saw 8 of its levels.

You collected 301 gold pieces.

Inventory:

Hand Weapons
 a - a +0 war axe of chaos (weapon)
Missiles
 n - 3 javelins (quivered)
Armour
 c - a +0 buckler (worn)
 r - +1 fire dragon scales (worn)
Jewellery
 t - an amulet of the acrobat
 v - a ring of magical power
 A - an amulet of guardian spirit
 D - an amulet of magic regeneration
 E - a +6 ring of strength
Wands
 z - a wand of mindburst (4)
 B - a wand of digging (8)
 C - a wand of iceblast (4)
 F - a wand of charming (9)
Scrolls
 f - a scroll of silence
 s - a scroll of blinking
 u - 6 scrolls of teleportation
Potions
 b - a potion of brilliance {unknown}
 g - 4 potions of attraction
 h - 2 potions of degeneration {unknown}
 i - a potion of magic {unknown}
 j - 3 potions of invisibility
 k - a potion of haste {unknown}
 l - 2 potions of heal wounds {unknown}
 m - a potion of curing
 p - a potion of cancellation {unknown}
 q - 2 potions of mutation {unknown}


   Skills:
 + Level 7.3 Fighting
 + Level 7.5 Axes
 + Level 6.7 Armour
 + Level 6.7 Shields


You had 7 spell levels left.
You didn't know any spells.
Your spell library contained the following spells:

 Spells                   Type           Power      Damage    Failure   Level
 Freeze                   Ice            0%         1d3       86%         1
 Frozen Ramparts          Ice            0%         1d1       99%         3
 Hailstorm                Conj/Ice       0%         3d3       99%         3
 Portal Projectile        Hex/Tloc       0%         N/A       99%         3
 Tukima's Dance           Hex            0%         N/A       99%         3
 Airstrike                Air            0%         2d(0-16)  100%        4
 Petrify                  Tmut/Erth      0%         N/A       100%        4
 Summon Lightning Spire   Summ/Air       0%         N/A       100%        4
 Blade Hands              Tmut           0%         N/A       100%        5
 Lightning Bolt           Conj/Air       0%         1d11      100%        5
 Metabolic Englaciation   Hex/Ice        0%         N/A       100%        5
 Statue Form              Tmut/Erth      0%         N/A       100%        6


Dungeon Overview and Level Annotations

Branches:
Dungeon (7/15)             Temple (1/1) D:5

Altars:
Ashenzari
Dithmenos
Elyvilon
Fedhas
Hepliaklqana
Kikubaaqudgha
Makhleb
Nemelex Xobeh
Okawaru
Qazlal
Ru
Uskayaw
Vehumet
Wu Jian
Xom
Yredelemnul
The Shining One

Annotations:
D:7 Joseph


Message History

You slash the shadow imp!
You kill the shadow imp!
Unknown command.
No target in view!
No target in view!
You now have 301 gold pieces (gained 22).
Key pressed, stopping explore.
Found a leather armour.
B - a wand of digging (8) (gained 4 charges) Joseph, a Mercenary comes into view.
He is wielding a +0 quarterstaff.
Joseph unwields a +0 quarterstaff.
Joseph wields a +0 sling.
Joseph shoots a sling bullet.
The sling bullet hits you!
Found a book of Iron and a scroll of blinking.
Joseph shoots a sling bullet.
The sling bullet hits you.
Joseph is nearby!
Joseph is nearby!
Joseph is nearby!
Found a stone staircase leading up.
Joseph shoots a sling bullet.
The sling bullet hits you.
You feel very mighty all of a sudden.
Joseph shoots a sling bullet.
The sling bullet hits you.
Joseph shoots a sling bullet.
You block the sling bullet.
Joseph shoots a sling bullet.
The sling bullet hits you.
Joseph shoots a sling bullet.
The sling bullet hits you!
* * * LOW HITPOINT WARNING * * *
Joseph unwields a +0 sling.
Joseph wields a +0 quarterstaff.
Joseph hits you with a +0 quarterstaff.
* * * LOW HITPOINT WARNING * * *
You feel better. Joseph hits you with a +0 quarterstaff!
* * * LOW HITPOINT WARNING * * *
You hit Joseph.
Joseph is lightly wounded.
Joseph hits you with a +0 quarterstaff.
* * * LOW HITPOINT WARNING * * *
You feel better. Joseph hits you with a +0 quarterstaff!
* * * LOW HITPOINT WARNING * * *
You feel better. Joseph hits you with a +0 quarterstaff.
* * * LOW HITPOINT WARNING * * *
You feel better. Joseph hits you with a +0 quarterstaff!
You die...

..##..........
#.?...........
#............<
##........:..#
#...[.......##.
#.............. ##@##.$....#
#..@.......# #........### .#
.# ###........## .##...
###### #.###.....##......
###....####.###............
#.......###.###............
###.....#..................
#.#.####.................
####.#..)...................


You could see Joseph.

Vanquished Creatures
  Sigmund (D:3)
  Eustachio (D:4)
  An ice beast (D:5)
  2 black bears
  2 scorpions
  A howler monkey (D:5)
  4 hounds
  3 orc priests (D:6)
  2 jellies
  4 iguanas
  7 orc wizards
  4 gnolls (D:4)
  9 adders
  2 shadow imps
  A white imp (D:7)
  4 worms
  3 dart slugs
  15 orcs
  6 endoplasms
  3 giant cockroaches (D:1)
  7 goblins
  5 hobgoblins
  3 quokkas
  4 ball pythons
  7 bats
  5 frilled lizards
  13 kobolds
  7 rats
  2 bushes (D:3)
128 creatures vanquished.

Vanquished Creatures (collateral kills)
  An orc (D:5)
1 creature vanquished.

Vanquished Creatures (others)
  A bat zombie (D:2)
  23 plants (D:3)
24 creatures vanquished.

Grand Total: 153 creatures vanquished

Notes
Turn   | Place    | Note
-------+----------+-------------------------------------------
     0 | D:1      | retardedninja the Hill Orc Fighter began the quest for the
                  | Orb.
     0 | D:1      | Reached XP level 1. HP: 19/19 MP: 1/1
   124 | D:1      | Reached XP level 2. HP: 26/27 MP: 2/2
   554 | D:1      | Reached XP level 3. HP: 33/33 MP: 3/3
  1211 | D:2      | Found a sparkling altar of Nemelex Xobeh.
  1815 | D:2      | You fall into a shaft and drop 2 floors!
  1815 | D:4      | Found a shimmering altar of Xom.
  1815 | D:4      | Found a hide-covered altar of Uskayaw.
  1847 | D:4      | Noticed Eustachio
  1872 | D:4      | Killed Eustachio
  1873 | D:4      | Reached XP level 4. HP: 9/41 MP: 4/4
  1873 | D:4      | Reached XP level 5. HP: 10/47 MP: 5/5
  2417 | D:3      | Reached skill level 5 in Fighting
  2935 | D:3      | Reached XP level 6. HP: 51/56 MP: 6/6
  3243 | D:3      | Noticed Sigmund
  3256 | D:3      | Killed Sigmund
  3257 | D:3      | Reached skill level 5 in Axes
  3257 | D:3      | Reached skill level 5 in Armour
  3312 | D:3      | Reached skill level 5 in Shields
  3913 | D:3      | Reached XP level 7. HP: 55/61 MP: 7/7
  4137 | D:3      | Found an ornate altar of the Wu Jian Council.
  5399 | D:5      | Entered Level 5 of the Dungeon
  5405 | D:5      | Reached XP level 8. HP: 58/71 MP: 8/8
  5508 | D:5      | Found a staircase to the Ecumenical Temple.
  5536 | Temple   | Entered the Ecumenical Temple
  7627 | D:7      | Noticed Joseph
  7637 | D:7      | HP: 1/73 [Joseph/+0 quarterstaff (16)]
  7639 | D:7      | Slain by Joseph

Illustrated notes

Levels and vault maps discovered:
D:1:      dpeg_arrival_subterranean_lakeside_camping, layout_loops_ring,
          kennysheep_decorative_pillar, minmay_pentomino_u2
D:2:      layout_loops_ring, basic_altar
D:3:      layout_loops_ring, nicolae_wu_jian_immortal_techniques,
          chequers_avenue, serial_bayou_pond_c, lexackson_kobold_supper,
          uniq_sigmund
D:4:      layout_basic, chequers_temple_overflow_statue_of_worship,
          uniq_eustachio
D:5:      layout_basic, minmay_temple_entry_arrows
D:6:      layout_loops_cross
D:7:      layout_cave_pools, uniq_pikel, uniq_joseph
Temple:   dpeg_chambers_temple

Skill      XL: |  1  2  3  4  5  6  7  8 |
---------------+-------------------------+-----
Axes           | 3 4 5 6 7 |  7.5
Fighting       | 4 5 6 7 |  7.3
Armour         | 4 5 6 |  6.7
Shields        | 4 5 6 |  6.7

Action                   |  1- 3 |  4- 6 |  7- 9 || total
-------------------------+-------+-------+-------++-------
Melee: War axe           |   113 |   120 |   192 ||   425
  Use: Scroll            |     4 |       |     9 ||    13
       Potion            |     1 |       |     5 ||     6
 Stab: Confused          |     1 |       |       ||     1
       Paralysed         |       |       |     1 ||     1
Armor: Scale mail        |    50 |     6 |       ||    56
       Fire dragon scale |       |    72 |    88 ||   160
Dodge: Dodged            |    58 |    49 |    77 ||   184
Block: Buckler           |    23 |    32 |    39 ||    94

Table legend: (Time is in decaauts)
 A = Elapsed time spent in this place.
 B = Non-inter-level travel time spent in this place.
 C = Inter-level travel time spent in this place.
 D = Time resting spent in this place.
 E = Time spent auto-exploring this place.
 F = Levels seen in this place.
 G = Mean time per level.
                   A        B        C        D        E       F      G
               +--------+--------+--------+--------+--------+-----+--------+
         Total |   7767 |   7486 |    281 |   1588 |   4746 |   8 |  970.9 |
       Dungeon |   7511 |   7253 |    258 |   1588 |   4525 |   7 | 1073.0 |
        Temple |    256 |    233 |     23 |      0 |    221 |   1 |  256.0 |
               +--------+--------+--------+--------+--------+-----+--------+

Top non-repeatable levels by time:
     D:3: 1926 daAuts
     D:4: 1586 daAuts
     D:1: 1131 daAuts
     D:6: 1008 daAuts
     D:2: 879 daAuts
     D:5: 798 daAuts
  Temple: 256 daAuts
     D:7: 180 daAuts
